 Dungeon Crawl Stone Soup version 0.17-a0-1123-g6d3914c (webtiles) character file.

149 Kisielow the Chiller (level 5, -2/35 HPs)
             Began as a Merfolk Ice Elementalist on May 24, 2015.
             Was an Initiate of Yredelemnul.
             Slain by a river rat (6 damage)
             ... summoned by Bubblegod's ghost
             ... on level 3 of the Dungeon.
             The game lasted 00:12:17 (2777 turns).

Kisielow the Chiller (Merfolk Ice Elementalist)     Turns: 2777, Time: 00:12:17

Health: -2/35      AC:  2    Str:  7 (8)  XL:     5   Next: 31%
Magic:  1/8        EV: 13    Int: 14      God:    Yredelemnul [......]
Gold:   93         SH:  0    Dex: 18      Spells: 3 memorised, 2 levels left

rFire  . . .     SeeInvis .     p - -3 spear (curse)
rCold  . . .     Clarity  +     a - +0 robe
rNeg   . . .     SustAt   +     (no shield)
rPois  .         Gourm    .     (no helmet)
rElec  .         Spirit   .     (no cloak)
rCorr  .         Warding  .     (no gloves)
rMut   .         Stasis   .     (no boots)
MR     +....                    (no amulet)
Stlth  ++........               (no ring)
                                n - ring of sustain attributes

@: somewhat resistant to hostile enchantments, unstealthy
A: change form in water, swift swim, agile 1, clarity, magic resistance 1,
evolution 1
a: Renounce Religion


You were on level 3 of the Dungeon.
You worshipped Yredelemnul.
Yredelemnul was noncommittal.
You were not hungry.

You visited 1 branch of the dungeon, and saw 3 of its levels.

You collected 93 gold pieces.

Inventory:

Hand weapons
 p - a cursed -3 spear (weapon)
Armour
 a - a +0 robe (worn)
 i - a +0 buckler
Jewellery
 n - a ring of sustain attributes (left hand)
Magical devices
 e - a wand of frost (0)
 o - a wand of polymorph (11)
Scrolls
 f - a scroll of identify
 g - a scroll of fear
Books
 b - a book of Frost

   Spells                             Type                      Level
   a - Freeze                         Ice                          1
   b - Throw Frost                    Conjuration/Ice              2
   c - Ozocubu's Armour               Charms/Ice                   3
   d - Throw Icicle                   Conjuration/Ice              4
   e - Summon Ice Beast               Ice/Summoning                4
   f - Condensation Shield            Ice                          4
Comestibles
 c - 3 bread rations


   Skills:
 - Level 2.6 Dodging
 - Level 2.1 Stealth
 - Level 2.0 Spellcasting
 - Level 0.7 Conjurations
 * Level 3.7 Charms
 - Level 5.0 Ice Magic


You had 2 spell levels left.
You knew the following spells:

 Your Spells              Type           Power        Failure   Level  Hunger
a - Freeze                Ice            ###.         2%          1    ##.....
b - Throw Frost           Conj/Ice       #.....       14%         2    ###....
q - Ozocubu's Armour      Chrm/Ice       ##......     14%         3    ####...


Dungeon Overview and Level Annotations

Branches:
Dungeon (3/15)

Altars:
Makhleb
Vehumet
Yredelemnul

Annotations:
D:3 Bubblegod's ghost, average TeSu; Sigmund


Innate Abilities, Weirdness & Mutations

You revert to your normal form in water.
You are very nimble and swift while swimming.
You are agile. (Dex +2)
You possess an exceptional clarity of mind.
You are resistant to hostile enchantments.
You evolve.


Message History

You are too injured to fight recklessly!
You are too injured to fight recklessly!
You are too injured to fight recklessly!
Drink which item? (? for menu, Esc to quit)
You feel better. Bubblegod's ghost hits you.
* * * LOW HITPOINT WARNING * * *
The river rat bites you.
* * * LOW HITPOINT WARNING * * *
The shadow imp barely misses you.
You barely miss Bubblegod's ghost.
Bubblegod's ghost is severely damaged.
Bubblegod's ghost hits you but does no damage.
The shadow imp closely misses you. The river rat barely misses you.
The crimson imp blinks!
The rat bites you.
* * * LOW HITPOINT WARNING * * *
You closely miss Bubblegod's ghost.
Bubblegod's ghost is severely damaged.
The river rat bites you.
You die...
Your body rises from the dead as a mindless zombie.

.<..## ###### ##...# ###..#
#....## #..(## ## # #..
###.#...# #...# #. #.
#<..#.#.#####...# #.
#....###(........(########.
####.# #####...............
### ###.......########
###.r...#...##
#br@5>)....(..#
#....rWr#.#...#.#.######
..####r##.###.#.#....... #.
#.# #.########## .. #.#
###_._## .## #.# #.....# .#
###.# ##...## .# #...#
##.## ###.### #'#


You could see Bubblegod's ghost, 2 river rats, a shadow imp, a quokka, a bat and
2 rats.

Vanquished Creatures
  A crimson imp (D:3)
  2 adders (D:2)
  3 gnolls
  2 oozes (D:3)
  A worm (D:2)
  4 giant geckos
  An orc (D:3)
  5 bats
  2 giant cockroaches (D:2)
  9 hobgoblins
  A quokka (D:2)
  A giant newt (D:1)
  2 gnoll zombies (D:2)
  4 goblins
  9 kobolds
  5 rats
52 creatures vanquished.

Notes
Turn   | Place    | Note
--------------------------------------------------------------
     0 | D:1      | Kisielow the Merfolk Ice Elementalist began the quest for the Orb.
     0 | D:1      | Reached XP level 1. HP: 13/13 MP: 3/3
   151 | D:1      | Reached XP level 2. HP: 1/19 MP: 0/5
   547 | D:1      | Reached skill level 4 in Ice Magic
  1160 | D:2      | Reached XP level 3. HP: 24/24 MP: 3/6
  1176 | D:2      | Learned a level 3 spell: Ozocubu's Armour
  1182 | D:2      | Learned a level 2 spell: Throw Frost
  1420 | D:2      | Reached skill level 5 in Ice Magic
  1768 | D:2      | Found a basalt altar of Yredelemnul.
  1776 | D:2      | Became a worshipper of Yredelemnul the Dark
  1835 | D:2      | Reached skill level 1 in Charms
  1835 | D:2      | Reached XP level 4. HP: 21/30 MP: 0/7
  2286 | D:3      | Noticed Sigmund
  2432 | D:2      | Gained mutation: You are agile. (Dex +2) [potion of mutation]
  2432 | D:2      | Gained mutation: You evolve. [potion of mutation]
  2432 | D:2      | Gained mutation: You possess an exceptional clarity of mind. [potion of mutation]
  2551 | D:3      | Found a radiant altar of Vehumet.
  2552 | D:3      | Found a burning altar of Makhleb.
  2650 | D:3      | Reached XP level 5. HP: 19/35 MP: 1/8
  2734 | D:3      | Gained mutation: You are resistant to hostile enchantments. [evolution]
  2764 | D:3      | Noticed Bubblegod's ghost (average TeSu)
  2777 | D:3      | Slain by a river rat

Vault maps used:
D:1:      tarquinn_simple_flora_water_b
D:2:      lemuel_zombie_altar_yredelemnul, first_bread
D:3:      okawaru_altar_gauntlet_db, grunt_temple_overflow_lords_of_destruction,
          tgw_xom, uniq_sigmund

Action                   |  1- 3 |  4- 6 || total
-------------------------+-------+-------++-------
Melee: Unarmed           |    17 |       ||    17
       Dagger            |    35 |    25 ||    60
       Spear             |       |    56 ||    56
 Cast: Freeze            |    52 |    38 ||    90
       Throw Frost       |     1 |     4 ||     5
Evoke: Wand              |       |     1 ||     1
  Use: Potion            |       |     6 ||     6
       Scroll            |       |     5 ||     5
  Eat: Chunk             |     3 |     1 ||     4
       Bread ration      |       |     1 ||     1
